 Dungeon Crawl Stone Soup version 0.30-a0-1016-gfb0d676c02 (webtiles) character file.

Game seed: 12602987897586754244

9535 ThatPearl the Arsonist (level 11, -17/86 HPs)
             Began as a Demigod Fire Elementalist on Apr 6, 2023.
             Demolished by a cane toad (18 damage)
             ... on level 1 of the Lair of Beasts.
             The game lasted 00:52:30 (11677 turns).

ThatPearl the Arsonist (Demigod Fire Elementalist) Turns: 11677, Time: 00:52:31

Health: -17/86     AC: 11    Str:  9    XL:     11   Next: 4%
Magic:  3/25       EV: 12    Int: 29    God:
Gold:   459        SH:  0    Dex: 14    Spells: 5/24 levels left

rFire   + . .      SeeInvis +    m - +0 quarterstaff (freeze)
rCold   + . .      Faith    .    (shield currently unavailable)
rNeg    . . .      Spirit   .    Q - +0 steam dragon scales
rPois   .          Reflect  .    v - +1 helmet {SInv}
rElec   .          Rampage  +    k - scarf {rC+ rF+}
rCorr   .                        h - +0 pair of gloves
Will    +....                    d - +1 pair of boots {rampage}
Stlth   ++                       (no amulet)
HPRegen 0.34/turn                y - ring of wizardry
MPRegen 0.19/turn                I - ring of wizardry

@: swift, quick
A: high MP 1, forlorn, divine attributes
a: no special abilities


You were on level 1 of the Lair of Beasts.
You visited 2 branches of the dungeon, and saw 10 of its levels.
You also visited: Sewer and Volcano.

You collected 459 gold pieces.

Inventory:

Hand Weapons
 m - a +0 quarterstaff of freezing (weapon)
 q - a +2 short sword of speed
 F - the +7 shortbow "Suzar" {freeze, +Blink rCorr Str+5 Stlth-}
   (You found it on level 1 of the Lair of Beasts)

   Str:       It affects your strength (+5).
   +Blink:    It lets you blink.
   rCorr:     It protects you from acid and corrosion.
   Stlth:     It makes you less stealthy.
 K - a +0 short sword of venom
 M - a +4 dagger
 S - a +2 longbow of flaming
Missiles
 e - 4 throwing nets
 o - 20 poisoned darts
 p - a curare-tipped dart
Armour
 d - a +1 pair of boots of rampaging (worn)
 h - a +0 pair of gloves (worn)
 k - a scarf of resistance (worn)
 l - a +3 leather armour of willpower
 v - a +1 helmet of see invisible (worn)
 E - a +4 plate armour of fire resistance
 Q - +0 steam dragon scales (worn)
 R - a +2 leather armour of fire resistance
Jewellery
 y - a ring of wizardry (left hand)
 G - a +6 ring of dexterity
 I - a ring of wizardry (right hand)
 J - an amulet of the acrobat
 L - a ring of positive energy
Wands
 w - a wand of charming (2)
 O - a wand of iceblast (8)
Scrolls
 a - a scroll of noise {unknown}
 b - 2 scrolls of poison {unknown}
 g - 6 scrolls of teleportation
 j - a scroll of fear
 n - 2 scrolls of brand weapon
 r - a scroll of butterflies
 s - 2 scrolls of blinking
 x - a scroll of identify
 H - a scroll of amnesia {unknown}
 N - a scroll of fog {unknown}
 P - a scroll of immolation {unknown}
Potions
 c - a potion of resistance
 f - 3 potions of haste
 i - 2 potions of ambrosia
 t - 2 potions of lignification
 u - a potion of heal wounds
 z - a potion of magic
 A - a potion of flight {unknown}
 B - a potion of degeneration {unknown}
 C - a potion of cancellation {unknown}
 D - a potion of berserk rage
 T - a potion of curing


   Skills:
 - Level 5.0 Fighting
 - Level 4.0 Armour
 + Level 2.8 Dodging
 - Level 1.7 Stealth
 + Level 7.0 Spellcasting
 + Level 7.5 Conjurations
 + Level 5.3 Transmutations
 + Level 9.1 Fire Magic


You had 5 spell levels left.
You knew the following spells:

 Your Spells              Type           Power      Damage    Failure   Level
f - Foxfire               Conj/Fire      100%       2x1d9     1%          1
m - Summon Small Mammal   Summ           40%        N/A       1%          1
s - Scorch                Fire           100%       2d9       1%          2
t - Swiftness             Air            10%        N/A       4%          3
v - Volatile Blastmotes   Fire/Tloc      72%        2d16      1%          3
w - Flame Wave            Conj/Fire      55%        2d13      1%          4
x - Alistair's Intoxicat  Tmut/Pois      16%        N/A       13%         5

Your spell library contained the following spells:

 Spells                   Type           Power      Damage    Failure   Level
 Apportation              Tloc           20%        N/A       1%          1
 Necrotise                Necr           40%        1d6       1%          1
 Shock                    Conj/Air       100%       1d9       1%          1
 Inner Flame              Hex/Fire       36%        N/A       1%          3
 Sticky Flame             Conj/Fire      55%        2d7       1%          4
 Summon Guardian Golem    Hex/Summ       10%        N/A       4%          3
 Airstrike                Air            5%         2d(1-17)  13%         4
 Orb of Destruction       Conj           26%        9d9       43%         7
 Spellforged Servitor     Conj/Summ      16%        N/A       89%         7


Dungeon Overview and Level Annotations

Branches:
Dungeon (8/15)             Temple (0/1) D:4            Lair (2/5) D:8
  Sewer (visited)         Volcano (visited)
  Swamp: Lair:2-3    Shoals: Lair:2-3     Snake: Lair:2-3    Spider: Lair:2-3


Innate Abilities, Weirdness & Mutations

You have an increased reservoir of magic. (+10% MP)
You shall have no god before yourself.
Your divine heritage dramatically boosts your attributes as you level up.


Message History

The flame wave engulfs the elephant!
The elephant is almost dead.
The flame wave engulfs the elephant!
You kill the elephant! (Press . to intensify the flame waves.)
The elephant tramples you but does no damage.
The elephant trunk-slaps you but does no damage.
The elephant tramples you!
* * * LOW HITPOINT WARNING * * *
You hold your ground!
The elephant trunk-slaps you but does no damage.
Your Fire Magic skill increases to level 9!
A wave of flame ripples out!
The flame wave engulfs the elephant!
You kill the elephant!
The flame wave engulfs the elephant.
The elephant is almost dead.
You hear an angry hiss.
The elephant closely misses you.
The elephant trunk-slaps you but does no damage.
You have reached level 11!
A wave of flame ripples out!
The flame wave engulfs the elephant!!
You kill the elephant!
You finish channelling waves of flame.
You hear a loud, deep croak!
You hear an angry hiss.
Your Spellcasting skill increases to level 7!
Unknown command.
You see here an elephant corpse.
Casting: Flame Wave (safe; 1% risk of failure)
Confirm with . or Enter, or press ? or * to list all spells.
You don't know that spell.
Unknown command.
A water moccasin comes into view.
The cane toad misses you.
A wyvern comes into view.
The cane toad stings you!!
* * * LOW HITPOINT WARNING * * *
Casting: Flame Wave (safe; 1% risk of failure)
Confirm with . or Enter, or press ? or * to list all spells.
You feel quick. The cane toad stings you!!
You die...

..P## #....## **,,,,,,,,,, ...P#
#.....########**,,,8,,,+ #..P##
##............#...,,,,,,* #...P##
#P...........##.F.,,,*,,, ###..P#
##.....###..##..8.,,,*,,*
#PP..P####.(...†.8.##.....,,,,,,,
P.....P##........†..#.....,,,,,,,
P.....#P##...Y.8FF..S.8.>.8,,8,,,
......P#......#.@...#.....,,,,,,,
.....P#.......##.8.##.....,,,,,,,
.....P#.##......#..###..8.,,*****
P..PP#...#...........##...,,.###*
P..##.#..#..######l...##..,.....,
#P.........#......+....##,,.8...+
##P...#..#..............##,....,*
#P....<.#..##Y#.##......##....,+
##P...+##.................#*,,,*


You could see an elephant, 2 cane toads, a water moccasin and a wyvern.

Vanquished Creatures
  A hell hog (Volcano)
  4 two-headed ogres
  5 elephants (Lair:1)
  A komodo dragon (Lair:1)
  3 blink frogs (Lair:2)
  4 humans (D:6)
  2 fire bats (Volcano)
  A steam dragon (D:8)
  A hell hound (Volcano)
  2 water moccasins (Lair:1)
  An ice beast (D:6)
  A black bear (D:6)
  A hornet zombie (D:7)
  2 ogres
  2 centaurs
  A phantom (D:4)
  Blork the orc (D:5)
  2 bullfrogs
  4 kobold brigands
  5 scorpions
  3 necrophages (D:7)
  A wyvern zombie (D:7)
  10 wights
  A howler monkey (D:8)
  2 centaur zombies (D:7)
  6 hounds
  2 orc priests
  A human zombie (D:7)
  4 sleepcaps
  Natasha (thrice) (D:2)
  2 iguanas (D:5)
  4 orc wizards
  A killer bee zombie (D:7)
  A howler monkey zombie (D:7)
  A mummy (D:7)
  3 gnolls
  15 adders
  3 river rats (Sewer)
  A shadow imp (D:7)
  2 white imps
  An ufetubus (D:5)
  7 worms
  2 dart slugs
  16 orcs
  8 bats
  13 endoplasms
  3 giant cockroaches
  2 goblins
  9 hobgoblins
  7 jackals
  8 quokkas
  7 ball pythons
  A frilled lizard (D:2)
  12 kobolds
  13 rats
219 creatures vanquished.

Vanquished Creatures (collateral kills)
  A salamander (Volcano)
  A centaur (Volcano)
2 creatures vanquished.

Vanquished Creatures (others)
  357 foxfires
  3 fungi
  A plant (Lair:1)
361 creatures vanquished.

Grand Total: 582 creatures vanquished

Notes
Turn   | Place    | Note
-------+----------+-------------------------------------------
     0 | D:1      | ThatPearl the Demigod Fire Elementalist began the quest for
                  | the Orb.
     0 | D:1      | Reached XP level 1. HP: 14/14 MP: 5/5
    37 | D:1      | Reached skill level 1 in Conjurations
   292 | D:1      | Reached skill level 3 in Fire Magic
   392 | D:1      | Reached XP level 2. HP: 20/20 MP: 5/7
   731 | D:1      | Learned a level 2 spell: Scorch
  1266 | D:2      | Reached XP level 3. HP: 26/26 MP: 3/8
  1874 | D:2      | Noticed Natasha
  1929 | D:2      | Killed Natasha
  1930 | D:2      | Reached skill level 1 in Armour
  1930 | D:2      | Reached XP level 4. HP: 30/33 MP: 1/10
  2078 | D:2      | Noticed Natasha
  2085 | D:2      | Killed Natasha
  2145 | D:2      | You fall into a shaft and drop 2 floors!
  2222 | D:3      | Reached skill level 4 in Fire Magic
  2290 | D:3      | Found a glowing drain.
  2310 | D:3      | Reached XP level 5. HP: 38/38 MP: 3/11
  2364 | Sewer    | Entered a sewer
  2475 | Sewer    | Reached XP level 6. HP: 39/45 MP: 4/13
  3316 | Sewer    | Reached skill level 5 in Fire Magic
  3559 | D:2      | Noticed Natasha
  3568 | D:2      | Killed Natasha
  4475 | D:4      | Reached XP level 7. HP: 40/50 MP: 4/15
  4503 | D:5      | Entered Level 5 of the Dungeon
  4718 | D:4      | Reached skill level 6 in Fire Magic
  4872 | D:4      | Learned a level 3 spell: Volatile Blastmotes
  4877 | D:4      | Learned a level 4 spell: Flame Wave
  5098 | D:4      | Found a staircase to the Ecumenical Temple.
  5660 | D:5      | Reached XP level 8. HP: 57/57 MP: 11/17
  6032 | D:5      | Noticed Blork the orc
  6038 | D:5      | Killed Blork the orc
  6465 | D:6      | Reached skill level 5 in Conjurations
  6465 | D:6      | Reached skill level 7 in Fire Magic
  6582 | D:6      | Learned a level 1 spell: Summon Small Mammal
  6617 | D:6      | Learned a level 5 spell: Alistair's Intoxication
  6945 | D:6      | Reached skill level 1 in Fighting
  6945 | D:6      | Reached skill level 1 in Transmutations
  7057 | D:6      | Reached skill level 5 in Spellcasting
  7146 | D:6      | Reached XP level 9. HP: 64/64 MP: 15/20
  9456 | D:8      | Noticed a two-headed ogre
  9468 | D:8      | Killed a two-headed ogre
  9572 | D:8      | Reached skill level 8 in Fire Magic
  9782 | D:8      | Found a staircase to the Lair.
 10220 | Lair:1   | Entered Level 1 of the Lair of Beasts
 10233 | Lair:1   | Found a dark tunnel.
 10239 | Lair:1   | Identified the +7 shortbow "Suzar" {freeze, +Blink rCorr
                  | Str+5 Stlth-}
 10262 | Lair:1   | Learned a level 3 spell: Swiftness
 10264 | Volcano  | Entered a volcano
 10279 | Volcano  | Noticed a two-headed ogre
 10279 | Volcano  | Noticed a two-headed ogre
 10289 | Volcano  | Killed a two-headed ogre
 10290 | Volcano  | Reached XP level 10. HP: 36/78 MP: 15/22
 10290 | Volcano  | Killed a two-headed ogre
 10311 | Volcano  | HP: 3/78 [fire bat (4)]
 10592 | Volcano  | Noticed a two-headed ogre
 10593 | Volcano  | Noticed a hell hog
 10593 | Volcano  | Noticed a salamander
 10603 | Volcano  | Killed a two-headed ogre
 10610 | Volcano  | HP: 3/80 [poisoned by a salamander]
 10613 | Volcano  | Killed a salamander
 10624 | Volcano  | Killed a hell hog
 11337 | Lair:1   | Noticed an elephant
 11343 | Lair:1   | Noticed an elephant
 11346 | Lair:1   | Noticed an elephant
 11350 | Lair:1   | Noticed an elephant
 11351 | Lair:1   | Killed an elephant
 11352 | Lair:1   | Noticed an elephant
 11353 | Lair:1   | Noticed an elephant
 11356 | Lair:1   | Killed an elephant
 11357 | Lair:1   | Reached skill level 5 in Fighting
 11558 | Lair:2   | Reached skill level 5 in Transmutations
 11561 | Lair:2   | Noticed a seven-headed hydra
 11670 | Lair:1   | Killed an elephant
 11671 | Lair:1   | Reached skill level 9 in Fire Magic
 11671 | Lair:1   | Killed an elephant
 11672 | Lair:1   | Reached XP level 11. HP: 17/86 MP: 6/25
 11676 | Lair:1   | HP: 1/86 [cane toad (18)]
 11677 | Lair:1   | Demolished by a cane toad

Illustrated notes

Levels and vault maps discovered:
D:1:      nagdon_arrival_zigzag_paths, layout_loops_ring, minmay_surrounded
D:2:      layout_rooms, chequers_serial_rivers_micro_b, uniq_natasha
D:3:      layout_basic, amcnicky_altar_gilded, gup_sewer_entry_glass,
          kennysheep_cross_room, minmay_fountain_box, serial_bayou_pond_b
D:4:      layout_loops_ring, lemuel_round_altar, minmay_temple_entry_hall,
          chequers_serial_rivers_micro_b
D:5:      layout_basic, minmay_bent, uniq_blork_the_orc
D:6:      layout_basic, kennysheep_mini_moat, minmay_ruffians
D:7:      layout_gridville, lemuel_mausoleum_altar_kikubaaqudgha
D:8:      layout_basic, mainiacjoe_overflow_catwalk, mainiacjoe_overflow_paths,
          lair_entry_dummy, kennysheep_path_1
Lair:1:   layout_chaotic_city, nicolae_volcano_entry_lava_flow,
          hangedman_lair_unloving_vines, grunt_megastairs_3, lemuel_fruit_fields
Lair:2:   layout_small_grid, nicolae_snake_entry_squirm,
          infiniplex_staircase_pool_2, uniq_erica

Skill      XL: |  1  2  3  4  5  6  7  8  9 10 11 |
---------------+----------------------------------+-----
Conjurations   | 1 2 3 4 5 6 7 |  7.5
Fire Magic     | 3 4 5 6 7 8 9 |  9.1
Spellcasting   | 2 3 5 6 7 |  7.0
Armour         | 1 2 3 4 |  4.0
Fighting       | 1 3 5 |  5.0
Transmutations | 1 3 5 |  5.3
Dodging        | 2 |  2.8
Stealth        | |  1.7

Action                     |  1- 3 |  4- 6 |  7- 9 | 10-12 || total
---------------------------+-------+-------+-------+-------++-------
  Melee: Unarmed           |    14 |       |       |       ||    14
         Rapier            |     7 |       |       |       ||     7
         Quarterstaff      |     3 |    15 |    47 |     8 ||    73
   Fire: Shortbow          |       |       |     3 |    18 ||    21
   Cast: Foxfire           |    62 |    54 |    76 |    26 ||   218
         Scorch            |    23 |    46 |   135 |     9 ||   213
         Volatile Blastmot |       |       |    13 |     4 ||    17
         Flame Wave        |       |       |     2 |     8 ||    10
         Summon Small Mamm |       |       |       |     2 ||     2
         Swiftness         |       |       |       |     1 ||     1
  Evoke: Wand              |       |       |       |     1 ||     1
    Use: Scroll            |       |     1 |    12 |       ||    13
         Potion            |       |       |     4 |     9 ||    13
 Armour: Robe              |     1 |       |       |       ||     1
         Leather armour    |    27 |    20 |    47 |       ||    94
         Steam dragon scal |       |       |    12 |    42 ||    54
  Dodge: Dodged            |    54 |    40 |    98 |    56 ||   248

Table legend: (Time is in decaauts)
 A = Elapsed time spent in this place.
 B = Non-inter-level travel time spent in this place.
 C = Inter-level travel time spent in this place.
 D = Time resting spent in this place.
 E = Time spent auto-exploring this place.
 F = Levels seen in this place.
 G = Mean time per level.
                   A        B        C        D        E       F      G
               +--------+--------+--------+--------+--------+-----+--------+
         Total |  11865 |  11614 |    251 |   2667 |   6434 |  12 |  988.8 |
       Dungeon |   9169 |   8918 |    251 |   1646 |   5617 |   8 | 1146.1 |
          Lair |    653 |    653 |      0 |    313 |    105 |   2 |  326.5 |
         Sewer |   1241 |   1241 |      0 |    220 |    711 |   1 | 1241.0 |
       Volcano |    799 |    799 |      0 |    488 |      0 |   1 |  799.0 |
               +--------+--------+--------+--------+--------+-----+--------+

Top non-repeatable levels by time:
     D:7: 1589 daAuts
     D:6: 1482 daAuts
     D:2: 1311 daAuts
   Sewer: 1241 daAuts
     D:4: 1171 daAuts
     D:1: 1086 daAuts
     D:5: 1029 daAuts
 Volcano: 799 daAuts
     D:3: 757 daAuts
     D:8: 741 daAuts
  Lair:1: 410 daAuts
  Lair:2: 243 daAuts
